 Dungeon Crawl Stone Soup version 0.28.0-47-ge53b351184 (webtiles) character file.

Game seed: 15691902672846816745

1849 acdeimund the Conjurer (level 9, -5/62 HPs)
             Began as a Human Conjurer on May 1, 2022.
             Was an Initiate of Vehumet.
             Slain by a raiju (8 damage)
             ... on level 1 of the Abyss.
             The game lasted 00:49:53 (10669 turns).

acdeimund the Conjurer (Human Conjurer)            Turns: 10669, Time: 00:49:54

Health: -5/62      AC:  5    Str:  7    XL:     9   Next: 34%
Magic:  16/16      EV: 12    Int: 23    God:    Vehumet [......]
Gold:   117        SH:  0    Dex: 12    Spells: 3/17 levels left

rFire   + . .      SeeInvis .   c - staff of fire
rCold   . . .      Faith    .   (no shield)
rNeg    . . .      Spirit   .   a - +0 robe
rPois   +          Reflect  .   (no helmet)
rElec   .          Harm     .   w - +0 cloak
rCorr   .          Rampage  .   o - +0 pair of gloves
Will    +....                   x - +0 pair of boots
Stlth   ++........              (no amulet)
HPRegen 0.20/turn               d - ring of poison resistance
MPRegen 0.15/turn               m - ring of willpower

@: studying Earth Magic
A: no striking features
a: Renounce Religion


You were on level 1 of the Abyss.
You worshipped Vehumet.
Vehumet was noncommittal.
You visited 2 branches of the dungeon, and saw 9 of its levels.
You visited the Abyss 1 time.

You collected 405 gold pieces.
You spent 288 gold pieces at shops.

Inventory:

Hand Weapons
 g - a +1 short sword of holy wrath
 n - a +0 spear of venom
 r - a +2 hand axe of flaming
Armour
 a - a +0 robe (worn)
 o - a +0 pair of gloves (worn)
 w - a +0 cloak (worn)
 x - a +0 pair of boots (worn)
Magical Staves
 c - a staff of fire (weapon)
Jewellery
 d - a ring of poison resistance (left hand)
 i - a ring of resist corrosion
 m - a ring of willpower (right hand)
 u - a ring of fire
Wands
 s - a wand of acid (2)
 y - a wand of flame (19)
Potions
 e - a potion of magic
 h - 2 potions of mutation
 j - 2 potions of berserk rage
 k - a potion of brilliance
 p - a potion of curing
 t - a potion of attraction {unknown}
 v - a potion of might {unknown}


   Skills:
 + Level 2.3 Fighting
 + Level 3.1 Dodging
 + Level 3.4 Stealth
 + Level 4.9 Spellcasting
 + Level 6.3 Conjurations
 - Level 2.0 Hexes
 - Level 4.0 Translocations
 + Level 6.1 Fire Magic


You had 3 spell levels left.
You knew the following spells:

 Your Spells              Type           Power      Damage    Failure   Level
a - Foxfire               Conj/Fire      100%       2x1d9     1%          1
b - Searing Ray           Conj           68%        2d6       1%          2
c - Dazzling Flash        Conj/Hex       50%        N/A       4%          3
d - Iskenderun's Mystic   Conj/Tloc      29%        2d7       12%         4
e - Conjure Flame         Conj/Fire      51%        6-21      2%          3
f - Magic Dart            Conj           100%       1d8       1%          1

Your spell library contained the following spells:

 Spells                   Type           Power      Damage    Failure   Level
 Slow                     Hex            60%        N/A       4%          1
 Inner Flame              Hex/Fire       36%        N/A       5%          3
 Confusing Touch          Hex            15%        N/A       12%         3
 Ignite Poison            Fire/Tmut/Pois 22%        N/A       12%         3
 Mephitic Cloud           Conj/Pois/Air  15%        N/A       12%         3
 Vampiric Draining        Necr           5%         2d6       28%         3
 Flame Wave               Conj/Fire      51%        2d10      8%          4
 Fulminant Prism          Conj/Hex       12%        3d9       17%         4
 Freezing Cloud           Conj/Ice/Air   7%         6-21      73%         5


Dungeon Overview and Level Annotations

Branches:
Dungeon (8/15)             Temple (1/1) D:7
   Lair: D:8-11

Altars:
Ashenzari
Cheibriados
Dithmenos
Elyvilon
Fedhas
Gozag
Hepliaklqana
Kikubaaqudgha
Makhleb
Ru
Sif Muna
Vehumet
Wu Jian
Yredelemnul
Zin
The Shining One

Shops:
D:1 (   D:5 [   D:6 *

Annotations:
D:7 Psyche


Message History

Psyche is knocked back by the mystic blast.
Psyche slams into the rock wall!
Psyche is heavily wounded.
Casting: Iskenderun's Mystic Blast (dangerous; 12% risk of failure)
Confirm with . or Enter, or press ? or * to list all spells.
You erupt in a blast of force!
The mystic blast hits Psyche.
Psyche is heavily wounded.
Psyche is knocked back by the mystic blast.
Psyche slams into the rock wall!
Psyche is severely wounded.
Psyche drinks a potion.
Psyche is healed!
Casting: Iskenderun's Mystic Blast (dangerous; 12% risk of failure)
Confirm with . or Enter, or press ? or * to list all spells.
You don't have enough magic to cast this spell.
Magic courses through your body.
Psyche hits you with a +0 dagger of distortion.
You are cast into the Abyss!
This branch contains the abyssal rune of Zot.
Found a broken altar of Ashenzari.
A raiju materialises.
A raiju comes into view.
A small abomination and a raiju come into view.
The raiju barks! x2
The raiju bursts into living lightning!
The living lightning hits the raiju.
The raiju completely resists.
The living lightning misses you.
The raiju blinks! x2
You hear a bark!
The raiju bursts into living lightning!
The living lightning hits the raiju.
The raiju completely resists.
The living lightning hits you!!
* * * LOW HITPOINT WARNING * * *
The raiju blinks!
The raiju bites you.
* * * LOW HITPOINT WARNING * * *
The raiju shocks you!
* * * LOW HITPOINT WARNING * * *
You closely miss the raiju. The raiju bites you.
* * * LOW HITPOINT WARNING * * *
The raiju shocks you!
You die...

# # ....... # . #
#...#.. #. ## #
....... . ..... .....
## . .... # .. ##.. #
..# # #..#.#h## .# .
#......@#####.# ..#
#....#..h...#.# .∩.
.#....#.##....∩......
#.##.....#§.........
.....#.#..#..# ...
#..x.....#....# #..
#.#§#.#....#§#.#
..##.#....#...#..
....# ..#.##


You could see 2 raiju and a small abomination (wandering).

Vanquished Creatures
  2 water moccasins
  3 orc warriors
  A black bear (D:6)
  A sky beast (D:7)
  A phantom (D:4)
  A bullfrog (D:4)
  A gnoll sergeant (D:7)
  2 jellies
  2 howler monkeys
  3 centaur zombies
  3 hounds
  A bullfrog zombie (D:6)
  3 orc priests
  A centaur skeleton (D:5)
  An iron imp (D:6)
  3 iguanas
  6 orc wizards
  2 gnolls (D:4)
  7 adders
  A shadow imp (D:6)
  An adder skeleton (D:4)
  2 worms
  2 dart slugs
  19 orcs
  6 ball pythons
  11 endoplasms
  5 giant cockroaches
  6 hobgoblins
  10 jackals
  10 kobolds
  3 quokkas
  8 bats
  4 frilled lizards
  6 goblins
  4 rats
  A butterfly (D:7)
143 creatures vanquished.

Vanquished Creatures (collateral kills)
  2 foxfires (D:7)
2 creatures vanquished.

Vanquished Creatures (others)
  124 foxfires
  4 fungi (D:5)
  23 plants (D:5)
151 creatures vanquished.

Grand Total: 296 creatures vanquished

Notes
Turn   | Place    | Note
-------+----------+-------------------------------------------
     0 | D:1      | acdeimund the Human Conjurer began the quest for the Orb.
     0 | D:1      | Reached XP level 1. HP: 13/13 MP: 3/3
   404 | D:1      | Reached XP level 2. HP: 10/19 MP: 0/5
   549 | D:1      | Learned a level 2 spell: Searing Ray
   559 | D:1      | Found Kuosa's Weapon Shop.
   765 | D:1      | Reached XP level 3. HP: 14/24 MP: 0/6
   890 | D:1      | Learned a level 3 spell: Dazzling Flash
  1758 | D:2      | Reached XP level 4. HP: 30/30 MP: 4/8
  2523 | D:2      | Reached skill level 5 in Conjurations
  2611 | D:2      | Found an opulent altar of Gozag.
  2714 | D:2      | Reached XP level 5. HP: 35/35 MP: 7/10
  3591 | D:3      | Found a hazy altar of Hepliaklqana.
  3681 | D:3      | Found a glowing golden altar of the Shining One.
  4169 | D:3      | Learned a level 4 spell: Iskenderun's Mystic Blast
  4170 | D:4      | Noticed a phantom
  4179 | D:3      | Reached skill level 1 in Translocations
  4353 | D:3      | Reached XP level 6. HP: 30/41 MP: 6/11
  5365 | D:4      | Reached XP level 7. HP: 38/46 MP: 6/12
  5528 | D:4      | Found a shadowy altar of Dithmenos.
  5599 | D:5      | Entered Level 5 of the Dungeon
  5937 | D:5      | Found Cacwa's Antique Armour Boutique.
  5996 | D:5      | Reached skill level 1 in Hexes
  6033 | D:5      | Reached skill level 1 in Fighting
  6519 | D:5      | Reached XP level 8. HP: 38/54 MP: 9/14
  6737 | D:5      | Found a basalt altar of Yredelemnul.
  6945 | D:6      | Found a snail-covered altar of Cheibriados.
  7680 | D:5      | Bought a runed orb for 288 gold pieces
  7692 | D:6      | Identified a scroll of acquirement
  7692 | D:6      | Acquired a book of Flames
  7696 | D:6      | Learned a level 1 spell: Foxfire
  7700 | D:6      | Learned a level 3 spell: Conjure Flame
  7938 | D:6      | Reached skill level 1 in Fire Magic
  8008 | D:6      | Found a sacrificial altar of Ru.
  8212 | D:6      | Found Ebleset's CLEARANCE SALE!.
  8810 | D:7      | Reached XP level 9. HP: 38/61 MP: 10/16
  8939 | D:7      | Found a staircase to the Ecumenical Temple.
  8963 | Temple   | Entered the Ecumenical Temple
  9049 | Temple   | Became a worshipper of Vehumet
  9317 | D:7      | Found an opulent altar of Gozag.
  9419 | D:7      | Reached skill level 5 in Fire Magic
 10601 | D:8      | Noticed Psyche
 10623 | D:7      | Cast into level 1 of the Abyss (Psyche)
 10628 | Abyss:1  | Found a broken altar of Ashenzari.
 10664 | Abyss:1  | Noticed a raiju
 10664 | Abyss:1  | Noticed a raiju
 10665 | Abyss:1  | Noticed a raiju
 10669 | Abyss:1  | HP: 3/62 [raiju (3)]
 10669 | Abyss:1  | Slain by a raiju

Illustrated notes

Levels and vault maps discovered:
D:1:      psy_arrival_radial01, layout_rooms, serial_shops,
          nicolae_shop_behind_doors
D:2:      layout_loops_ring, basic_altar
D:3:      layout_basic, mainiacjoe_overflow_boulevard,
          nzn_hepliaklqana_mist_gate, grunt_ministairs_10
D:4:      layout_cave_pools, mainiacjoe_overflow_24_doors
D:5:      layout_rooms, mainiacjoe_overflow_alcove_4, serial_shops,
          nicolae_shop_hallway_stairs, serial_bayou_lagoon_a
D:6:      layout_layer_cave, slow_altar_1, nicolae_ru_great_annihilating_truth,
          hangedman_decor_opposing, nicolae_shop_clearance
D:7:      layout_loops_ring, nicolae_overflow_hidden_temple,
          minmay_temple_entry_butterflies, minmay_hedge_maze, grunt_decor_cap,
          minmay_manual_mess
D:8:      layout_basic, mainiacjoe_overflow_brackets, amcnicky_altar_gilded,
          xom_teletrap_fun, kennysheep_generic_room_10, uniq_psyche
Temple:   compressed_dpeg_triangle_lava_temple
Abyss:1:  base:
D:4

Skill      XL: |  1  2  3  4  5  6  7  8  9 |
---------------+----------------------------+-----
Spellcasting   | 3 4 |  4.9
Conjurations   | 5 6 |  6.3
Translocations | 2 4 |  4.0
Hexes          | 1 2 |  2.0
Fighting       | 1 2 |  2.3
Stealth        | 3 |  3.4
Fire Magic     | 4 6 |  6.1
Dodging        | 3 |  3.1

Action                   |  1- 3 |  4- 6 |  7- 9 || total
-------------------------+-------+-------+-------++-------
Melee: Unarmed           |    13 |       |       ||    13
       Staff             |    22 |       |    30 ||    52
       Dagger            |     4 |       |       ||     4
       Rapier            |     2 |     9 |       ||    11
       Short sword       |       |     9 |       ||     9
       Spear             |       |       |     9 ||     9
       Hand axe          |       |       |     7 ||     7
 Cast: Magic Dart        |    75 |    84 |    45 ||   204
       Searing Ray       |       |    16 |    18 ||    34
       Iskenderun's Myst |       |       |     7 ||     7
       Foxfire           |       |       |    72 ||    72
       Conjure Flame     |       |       |     1 ||     1
  Use: Scroll            |       |     9 |     8 ||    17
       Potion            |       |       |     3 ||     3
 Stab: Sleeping          |       |     1 |       ||     1
Armor: Robe              |     8 |     6 |    20 ||    34
Dodge: Dodged            |    34 |    19 |    55 ||   108
